AoeStats
← Lord Laggington

Socotra

504847552Analyzed
2v2 RM · 2mo ago on Sep 6, 2026· 45m 38s· 4 players
Game mode
Random Map
Map size
Tiny (2 player)
Population
200
Speed
Normal
Resources
Standard
Victory
Conquest
Starting age
Dark Age
Ending age
Imperial Age
RankedLock teamsTeams togetherTeam positionsShared explorationLock speedFull tech treeHidden civsTurbo modeCheats
Victory
Defeat
🇦🇷 Bulgarians · Argentina
1042
+13
🇨🇴 Hindustanis · Colombia
1030
+14
vs
🇩🇪 Persians · Germany
983
-13
🇩🇪 Khmer · Germany
982
-14
novusb4
7:44 Loom
7:54 Loom
9:39 Feudal Age
16:37 Castle Age
15:02 Gold Mining
15:04 Double-Bit Axe
15:29 Gold Mining
15:24 Horse Collar
17:00 Bloodlines
16:59 Scale Barding Armor
17:34 Bow Saw
20:15 Wheelbarrow
20:05 Husbandry
24:56 Chain Barding Armor
33:10 Forging
35:03 Iron Casting
35:43 Gold Shaft Mining
39:54 Hand Cart
Lord Laggington
4:10 Loom
13:07 Feudal Age
19:22 Castle Age
21:00 Fletching
29:44 Double-Bit Axe
32:05 Horse Collar
42:57 Light Cavalry
44:36 Town Watch
wodaza
11:26 Feudal Age
11:13 Loom
19:55 Castle Age
19:16 Forging
20:28 Scale Barding Armor
23:18 Double-Bit Axe
32:20 Gold Mining
36:25 Imperial Age
33:48 Fletching
33:58 Padded Archer Armor
34:24 Squires
40:26 Pikeman
Pancito
7:40 Loom
12:52 Feudal Age
26:06 Castle Age
25:06 Forging
24:56 Scale Mail Armor
27:32 Pikeman
27:57 Gambesons
28:39 Light Cavalry
29:29 Bloodlines
30:11 Double-Bit Axe
32:56 Bow Saw
33:47 Wheelbarrow
41:56 Squires
Connection lost

Rejoining the realm…

Still unreachable

The connection could not be restored.

Session expired

The server has moved on; the page needs a fresh start.